 Dungeon Crawl Stone Soup version 0.19-a0-736-g3ff4acb (webtiles) character file.

449152 packetloss the Phalangite (level 24, 0/206 HPs)
             Began as a Merfolk Summoner on June 22, 2016.
             Was the Champion of Yredelemnul.
             Slain by a frost giant
             ... wielding a +2 battleaxe of freezing
              (22 damage)
             ... on level 5 of the Vaults on June 23, 2016.
             The game lasted 07:43:08 (59209 turns).

packetloss the Phalangite (Merfolk Summoner)       Turns: 59209, Time: 07:43:11

Health: 0/206      AC: 20    Str: 20    XL:     24   Next: 26%
Magic:  10/38      EV: 36    Int: 17    God:    Yredelemnul [******]
Gold:   5082       SH:  0    Dex: 19    Spells: 10 memorised, 20 levels left

rFire  . . .     SeeInvis .     V - +9 bardiche (drain)
rCold  + + .     Gourm    .     N - +2 leather armour "Lexzam Xutav" {*Contam MR+ Str+6 Stlth+}
rNeg   + . .     Faith    +     (shield currently unavailable)
rPois  .         Spirit   .     Q - +2 helmet
rElec  +         Dismiss  .     u - +2 cloak of Starlight {rElec rC+ EV+4 Stlth--}
rCorr  +         Reflect  .     a - +2 pair of gloves
SustAt +         Harm     .     g - +2 pair of boots {Fly}
MR     ++...                    x - amulet of faith
Stlth  ++........               Z - ring of resist corrosion
                                b - ring "Siomaid" {SustAt rC+ rN+ Int+2}

@: repel missiles, drained, very resistant to hostile enchantments, unstealthy
A: change form in water, swift swim, thin metallic scales 1, mutation resistance
1, MP-powered wands
a: Recall Undead Slaves, Injury Mirror, Animate Dead, Drain Life, Enslave Soul,
Renounce Religion, Evoke Flight
}: 2/15 runes: barnacled, gossamer


You were on level 5 of the Vaults.
You worshipped Yredelemnul.
Yredelemnul was exalted by your worship.
You were very hungry.

You visited 11 branches of the dungeon, and saw 50 of its levels.
You visited the Abyss 2 times.
You visited 1 bazaar.
You visited 1 ziggurat, and saw 4 of its levels.
You also visited: Trove, Ossuary, Bailey and Wizlab.

You collected 8054 gold pieces.
You spent 2972 gold pieces at shops.

Inventory:

Hand Weapons
 q - the +3 spear "Tocomp" {antimagic, rC- rN++ Str+6}
   (You found it on level 15 of the Dungeon)

   It reduces the magical energy of the wielder, and disrupts the spells and
   magical abilities of those hit.
   Natural abilities and divine invocations are not affected.
   It affects your strength (+6).
   It makes you vulnerable to cold.
   It greatly protects you from negative energy.
 C - a +0 bardiche of freezing
 V - a +9 bardiche of draining (weapon)
Armour
 a - a +2 pair of gloves (worn)
 g - a +2 pair of boots of flying (worn)
 u - the +2 cloak of Starlight (worn) {rElec rC+ EV+4 Stlth--}
   (You found it in a wizard's laboratory)

   It affects your evasion (+4).
   It protects you from cold.
   It insulates you from electricity.
   It makes you much less stealthy.
 N - the +2 leather armour "Lexzam Xutav" (worn) {*Contam MR+ Str+6 Stlth+}
   (You bought it in a shop on level 1 of the Elven Halls)

   It affects your strength (+6).
   It affects your resistance to hostile enchantments.
   It causes magical contamination when unequipped.
   It makes you more stealthy.
 Q - a +2 helmet (worn)
Jewellery
 b - the ring "Siomaid" (left hand) {SustAt rC+ rN+ Int+2}
   (You bought it in a shop in a bazaar)

   [ring of sustain attributes]

   It sustains your strength, intelligence and dexterity.
   It affects your intelligence (+2).
   It protects you from cold.
   It protects you from negative energy.
 f - an uncursed ring of see invisible
 v - the amulet of Secoce {Dismiss SInv}
   (You found it on level 2 of the Vaults)

   [amulet of dismissal]

   It may teleport away creatures that harm you.
   It lets you see invisible.
 x - an amulet of faith (around neck)
 A - an uncursed ring of protection from fire
 H - an uncursed ring of poison resistance
 J - an uncursed ring of protection from magic
 K - a +4 ring of protection
 L - an uncursed ring of protection from cold
 Z - a ring of resist corrosion (right hand)
Wands
 k - a wand of confusion (10/48)
 n - a wand of iceblast (2/15)
 p - a wand of digging (13/24)
 y - a wand of digging (2/24)
 z - a wand of acid (5/15)
 D - a wand of disintegration (10/24)
 P - a wand of slowing (16/48)
 X - a wand of hasting (7/9)
 Y - a wand of heal wounds (4/9)
Scrolls
 d - 7 scrolls of fear
 h - 9 scrolls of blinking
 i - 23 scrolls of remove curse
 j - 8 scrolls of recharging
 F - 12 scrolls of teleportation
 G - 3 scrolls of magic mapping
 R - a scroll of silence
 S - a scroll of enchant armour
 T - 2 scrolls of fog
 W - 16 scrolls of identify
Potions
 e - 11 potions of agility
 o - 18 potions of curing
 s - 11 potions of brilliance
 B - a potion of haste
 I - 5 potions of resistance
 M - 6 potions of might
 O - 14 potions of heal wounds
Miscellaneous
 r - a disc of storms
 t - a fan of gales
 w - a phial of floods
 E - a lamp of fire
 U - 4 phantom mirrors
Comestibles
 c - 20 bread rations {@e1}
 l - 6 fruits


   Skills:
 + Level 20.6(20.1) Fighting
 + Level 25.4(24.9) Polearms
 - Level 4.2(3.9) Armour
 + Level 23.8(23.3) Dodging
 - Level 6.9(6.5) Stealth
 - Level 11.1(10.7) Spellcasting
 - Level 13.0(12.5) Charms
 + Level 7.1(6.7) Summonings
 - Level 4.8(4.4) Necromancy
 - Level 11.6(11.2) Invocations
 - Level 13.0(12.5) Evocations


You had 20 spell levels left.
You knew the following spells:

 Your Spells              Type           Power        Failure   Level  Hunger
a - Summon Small Mammal   Summ           ####         1%          1    None
b - Call Canine Familiar  Summ           ####....     1%          3    None
c - Regeneration          Chrm/Necr      #####.....   1%          3    None
d - Passwall              Tmut/Erth      #.........   14%         2    None
f - Haste                 Chrm           ######..     10%         6    ######.
g - Summon Butterflies    Summ           ####....     1%          1    None
h - Apportation           Tloc           #.........   12%         1    None
i - Control Undead        Necr           ###.......   17%         4    ###....
o - Repel Missiles        Chrm/Air       ####..       1%          2    None
p - Swiftness             Chrm/Air       ####....     1%          2    None


Dungeon Overview and Level Annotations

Branches:
Dungeon (15/15)            Temple (1/1) D:6            Lair (6/6) D:8
 Shoals (4/4) Lair:4       Spider (4/4) Lair:4        Slime (2/5) Lair:5
    Orc (2/2) D:9             Elf (3/3) Orc:2        Vaults (5/5) D:13
  Crypt (3/3) Vaults:3       Tomb (0/3) Crypt:3      Depths (5/5) D:15
    Zot (0/5) Depths:5

Altars:
Ashenzari
Cheibriados
Dithmenos
Elyvilon
Fedhas
Gozag
Hepliaklqana
Kikubaaqudgha
Makhleb
Nemelex Xobeh
Okawaru
Pakellas
Qazlal
Ru
Sif Muna
Trog
Uskayaw
Vehumet
Xom
Yredelemnul
Zin
The Shining One
Jiyva

Shops:
D:4 (   D:8 **   D:12 [   Orc:2 ==:%}   Elf:1 }[   Elf:3 *(   Shoals:3 (
Vaults:4 (:

Portals:
Hell: Depths:1 Depths:2 Depths:3 Depths:4 Depths:5
Abyss: Depths:3 Depths:4
Pandemonium: Depths:3

Annotations:
D:6 bza's ghost, amateur HOGl
D:8 exclusion: Erolcha, Erolcha
Lair:1 exclusions: electric eel and 2 more exclusions
Shoals:4 exclusion: oklob plant
Spider:1 silence, air strike, defl missles
Elf:2 Roxanne
Vaults:1 silence, dMissle
Vaults:5 ! swarm
Crypt:3 clear
Depths:5 clear


Innate Abilities, Weirdness & Mutations

You revert to your normal form in water.
You are very nimble and swift while swimming.
You are partially covered in thin metallic scales. (AC +2)
You are somewhat resistant to further mutation.
You expend magic power (3 MP) to strengthen your wands.


Message History

The tengu reaver claws you but does no damage.
The deep elf mage casts a spell.
The tengu reaver completely misses you. The tengu reaver closely misses you.
The tengu reaver claws you but does no damage.
A yaktaur captain comes into view. It is wielding an arbalest.
Unknown command.
Unknown command.
Unknown command.
Evoke which item? (* to show all) (? for menu, Esc to quit)
Zapping:
Y - a wand of heal wounds (5/9)
Press: ? - help, Shift-Dir - straight line, f - you You feel much better.
This wand has 4 charges left.
The fire giant gestures at you while chanting.
The bolt of fire misses you. The tengu reaver misses you.
The tengu reaver closely misses you. The tengu reaver claws you!
* * * LOW HITPOINT WARNING * * *
The halberd of freezing hits you but does no damage.
The frost giant hits you with a battleaxe of freezing!!
You die...
Your body rises from the dead as a mindless zombie.

#.*.......
#..ec.....
#.........
#(......
.#####.ZpC.
.....*(ep#####..#
....r.uQC#...#..#
.##'##sQ@#(:.#..#
#.C.#(..#..#
#..)##)##..#
#.*.)......#
##........).#.
................
#############...
...


You could see a frost giant, a cyan very ugly thing, a fire giant, 2 tengu
reavers, a yaktaur captain, a vault guard, an ettin, an ironbrand convoker, 2
deep elf magi, a tarantella, a hell rat, a halberd of freezing, 3 battlespheres
and a friendly human zombie.

Vanquished Creatures
  Mennas (Crypt:3)
  A juggernaut (Depths:4)
  A caustic shrike (Depths:4)
  Jory (Vaults:4)
  A tentacled monstrosity (Abyss:1)
  3 liches
  A deep elf master archer (Elf:3)
  A quicksilver dragon (Depths:4)
  2 titans
  A deep elf blademaster (Elf:3)
  2 tentacled starspawn
  A sphinx (Depths:3)
  An acid blob (Slime:2)
  An ancient champion (Crypt:3)
  A shadow dragon (Vaults:5)
  3 tengu reavers
  An azure jelly (Slime:1)
  A storm dragon (Depths:5)
  2 deep elf sorcerers (Elf:3)
  4 fire giants
  2 frost giants (Depths:4)
  A revenant (Abyss:1)
  A vault warden (Vaults:2)
  2 balrugs
  Aizul (Elf:2)
  A deep elf elementalist (Elf:1)
  2 ironheart preservers
  A ghoul (Crypt:3)
  A draconian caller (Depths:5)
  8 very ugly things
  A war gargoyle (Vaults:4)
  7 stone giants
  A deep elf demonologist (Elf:3)
  4 vampire knights
  5 deep elf annihilators
  A yellow draconian (Depths:5)
  A chaos champion (Zig:3)
  A mottled draconian (Depths:5)
  A white draconian (Depths:5)
  2 black draconians (Depths:5)
  2 spark wasps
  Snorg (Orc:2)
  5 ettins
  2 deep elf death magi
  6 fire dragons
  A merfolk impaler (Shoals:4)
  4 jiangshi
  4 deep elf high priests
  7 great orbs of eyes
  3 vault guards
  4 yaktaur captains
  3 hydras
  3 rakshasas
  5 ice dragons
  3 ogre magi
  5 centaur warriors
  A merfolk aquamancer (Shoals:4)
  A death knight (Vaults:4)
  17 dancing weapons
  3 death yaks
  A tengu warrior (Depths:4)
  5 deep troll shamans
  6 deep troll earth magi
  4 thrashing horrors
  10 deep elf knights
  5 spriggan berserkers
  A sun demon (Depths:3)
  22 slime creatures
  7 wretched stars
  3 hell knights
  2 iron trolls (Depths:1)
  A titan skeleton (Abyss:1)
  A sea snake (Shoals:4)
  A golden dragon zombie (Abyss:1)
  A giant orange brain (Depths:3)
  13 skeletal warriors
  10 deep trolls
  2 obsidian statues
  6 wizards
  2 flayed ghosts (Crypt:3)
  2 harpies
  A spectral deep troll (Depths:1)
  4 hill giants
  A death drake (Abyss:1)
  5 ironbrand convokers
  4 unseen horrors
  2 orc knights (Vaults:2)
  4 deep elf archers
  33 deep elf magi
  12 ugly things
  A griffon (Shoals:4)
  5 wolf spiders
  3 manticores
  A harpy (shapeshifter) (D:15)
  4 necromancers
  3 orb spiders
  4 orc sorcerers
  2 shining eyes
  4 cyclopes
  2 worldbinders (WizLab)
  5 elephants
  A black mamba (Lair:4)
  A stone giant skeleton (Vaults:3)
  A naga mage (Zig:1)
  A rust devil (Abyss:1)
  4 vault sentinels
  2 apocalypse crabs
  An eye of devastation (Slime:1)
  A torpor snail (Depths:1)
  5 spiny frogs
  5 orange demons
  A smoke demon (Abyss:1)
  14 yaktaurs
  4 freezing wraiths
  A redback zombie (Vaults:5)
  A tormentor (Abyss:1)
  2 demonic crawlers (Spider:4)
  3 komodo dragons
  A yaktaur (shapeshifter) (Depths:3)
  9 ancient zymes
  5 hellwings (Abyss:1)
  A tengu conjurer (D:15)
  2 merfolk
  A polar bear (Lair:6)
  3 jumping spiders
  4 two-headed ogres
  A queen bee (D:8)
  A queen bee (shapeshifter) (Vaults:2)
  A two-headed ogre (shapeshifter) (Abyss:1)
  4 trolls
  5 raiju
  11 blink frogs
  2 snapping turtles
  2 ettin zombies
  12 large abominations
  25 flying skulls
  6 ynoxinuls
  2 wyverns
  A redback (shapeshifter) (Vaults:4)
  2 tarantellas
  A hill giant zombie (D:9)
  26 redbacks
  2 air elementals
  A deep troll skeleton (WizLab)
  6 spriggans (Lair:6)
  15 starcursed masses
  2 vampires
  29 yaks
  An elf zombie (Vaults:5)
  5 shadows
  A neqoxec (Abyss:1)
  5 water elementals
  10 wraiths
  A spriggan (shapeshifter) (D:14)
  2 fire elementals
  8 hippogriffs
  2 hungry ghosts
  4 chaos spawn
  10 vampire mosquitoes
  A hill giant skeleton (Crypt:2)
  2 mottled dragons
  6 spatial vortices (WizLab)
  2 insubstantial wisps (WizLab)
  A naga (Zig:1)
  2 hell hounds
  5 water moccasins
  3 necrophages
  4 porcupines
  2 eyes of draining
  6 sky beasts
  16 orc warriors
  4 black bears
  2 wasps
  2 phantoms (D:9)
  An ice beast (D:9)
  20 ogres
  2 eyes of draining (shapeshifter)
  6 wolves (Lair:6)
  4 centaurs
  6 boggarts
  4 crocodiles
  Blork the orc (D:6)
  A big kobold (D:10)
  15 small abominations
  2 human zombies (Vaults:3)
  10 giant frogs
  An earth elemental (Elf:3)
  6 scorpions
  3 wyvern skeletons
  16 killer bees
  A raiju skeleton (Crypt:2)
  4 howler monkeys
  12 wights
  A spriggan skeleton (Crypt:3)
  7 crimson imps
  7 quasits
  5 centaur zombies
  2 giant frog zombies (D:10)
  A human simulacrum (Vaults:2)
  5 jellies
  11 orc priests
  2 giant frog skeletons
  10 hounds
  5 iron imps
  16 orc wizards
  8 centaur skeletons
  Natasha (thrice) (D:4)
  7 iguanas
  10 worker ants
  A killer bee zombie (D:10)
  28 sheep
  5 ogre zombies (D:9)
  A hound zombie (D:10)
  2 hound skeletons
  2 mummies (Ossuary)
  3 worker ant zombies
  Robin (D:4)
  7 gnolls
  3 howler monkey skeletons
  10 adders
  13 river rats
  4 shadow imps
  3 white imps
  An ufetubus (D:12)
  2 oozes
  2 adder zombies
  An adder skeleton (D:6)
  3 dart slugs
  3 giant geckos
  49 orcs
  7 bats
  5 giant cockroaches
  11 goblins
  11 hobgoblins
  10 jackals
  7 quokkas
  2 ball pythons
  A giant gecko zombie (D:5)
  4 giant newts
  A goblin skeleton (D:9)
  2 goblin zombies (Ossuary)
  9 hobgoblin zombies
  4 jackal zombies
  13 kobolds
  A kobold skeleton (Crypt:2)
  9 kobold zombies (Ossuary)
  5 orc skeletons (D:9)
  23 orc zombies
  2 quokka zombies
  4 rats
  2 rat zombies (Ossuary)
  A river rat zombie (Crypt:2)
  An eldritch tentacle segment (WizLab)
  A fungus (D:8)
  2 starspawn tentacles (Abyss:1)
1194 creatures vanquished.

Vanquished Creatures (collateral kills)
  Sojobo (Depths:2)
  Frederick (Depths:5)
  A caustic shrike (Depths:4)
  A golden dragon (Depths:5)
  A profane servitor (Crypt:3)
  A bone dragon (Crypt:3)
  Jorgrun (Depths:1)
  3 liches
  2 tentacled monstrosities
  A Hell Sentinel (Depths:1)
  The ghost of xodahs the Bludgeoner, an adept OgHu of Okawaru (Spider:3)
  A titan (Vaults:1)
  A deep elf master archer (Elf:3)
  3 acid blobs (Slime:1)
  3 tentacled starspawn
  Polyphemus (Shoals:3)
  5 ancient champions
  A storm dragon (Vaults:1)
  A sphinx (Vaults:1)
  6 tengu reavers
  Ilsuiw (Shoals:4)
  An azure jelly (Slime:1)
  A revenant (Crypt:3)
  Wiglaf (Depths:1)
  Donald (Spider:1)
  4 ghost moths (Spider:4)
  6 fire giants
  11 frost giants
  An iron dragon (Depths:4)
  6 deep elf sorcerers (Elf:3)
  4 ghouls
  An orc warlord (Orc:1)
  10 vault wardens
  A curse skull (Crypt:3)
  3 emperor scorpions (Spider:4)
  A reaper (Crypt:2)
  2 deep elf elementalists (Elf:3)
  5 very ugly things
  7 ironheart preservers
  14 stone giants
  A draconian caller (Depths:5)
  6 vampire knights
  A deep elf demonologist (Elf:3)
  3 entropy weavers
  A yellow draconian (Depths:5)
  8 deep elf annihilators (Elf:3)
  A white draconian (Depths:5)
  7 spark wasps
  Azrael (Spider:1)
  4 merfolk javelineers (Shoals:4)
  Josephine (Orc:1)
  9 merfolk impalers
  6 ettins
  5 great orbs of eyes
  7 deep elf death magi
  2 eidola (Crypt:2)
  4 deep elf high priests (Elf:3)
  7 fire dragons
  10 jiangshi
  3 rakshasas
  9 yaktaur captains
  7 ice dragons
  10 vault guards
  3 spriggan air magi
  5 hydras
  4 merfolk aquamancers
  A catoblepas (Shoals:3)
  The ghost of mete the Blocker, a novice DDFi of Trog (Orc:2)
  7 centaur warriors
  3 death knights
  3 merfolk avatars
  An alligator snapping turtle (Shoals:4)
  2 tengu warriors
  7 deep troll earth magi
  11 deep troll shamans
  9 dancing weapons
  2 satyrs (Shoals:4)
  9 ogre magi
  A spectral stone giant (Crypt:3)
  8 hornets
  An orc high priest (Elf:2)
  2 spriggan berserkers
  3 death yaks
  3 hell knights (Depths:2)
  A titan skeleton (Crypt:2)
  A vampire mage (Crypt:1)
  A wretched star (Abyss:1)
  A sun demon (Depths:3)
  2 soul eaters
  20 deep elf knights
  A fire crab (Vaults:2)
  5 shadow wraiths
  A fire crab (shapeshifter) (Vaults:2)
  31 skeletal warriors
  13 sea snakes
  A spatial maelstrom (Abyss:1)
  An anaconda zombie (Crypt:2)
  9 unseen horrors
  A giant orange brain (Depths:2)
  20 deep trolls
  8 deep elf archers
  3 wizards
  A lindwurm (Lair:5)
  A tengu zombie (Vaults:2)
  6 phantasmal warriors
  3 flayed ghosts
  7 necromancers
  15 harpies
  10 ironbrand convokers
  3 hill giants
  9 orc knights
  2 oklob plants (Shoals:4)
  7 cyclopes
  10 fauns
  3 orc sorcerers
  38 deep elf magi
  9 orb spiders
  2 worldbinders
  6 manticores
  12 ugly things
  27 wolf spiders
  A frost giant zombie (Vaults:2)
  A manticore (shapeshifter) (Elf:2)
  A sixfirhy (WizLab)
  11 vault sentinels
  2 moths of wrath (Spider:4)
  12 griffons
  5 elephants
  2 black mambas (Lair:6)
  10 sirens
  3 spiny frogs
  5 torpor snails
  A dire elephant zombie (Crypt:1)
  2 fire giant skeletons
  5 spectral swamp worms (Depths:1)
  A torpor snail (shapeshifter) (Depths:4)
  A gargoyle (D:15)
  3 water nymphs
  2 smoke demons
  2 frost giant skeletons
  A yaktaur zombie (Vaults:3)
  3 rime drakes (Shoals:2)
  A rime drake (shapeshifter) (Vaults:2)
  15 demonic crawlers
  3 komodo dragons
  43 yaktaurs
  A mottled draconian skeleton (Crypt:1)
  5 tengu conjurers
  An ice devil (D:12)
  5 freezing wraiths
  A harpy zombie (Crypt:2)
  19 jumping spiders
  2 trolls (shapeshifter)
  5 wind drakes
  5 trolls
  18 merfolk
  14 two-headed ogres
  A polar bear (Lair:6)
  A two-headed ogre (shapeshifter) (Depths:2)
  2 boulder beetles
  A shadow dragon simulacrum (Vaults:3)
  43 slime creatures
  A bog body (Crypt:1)
  A meliai zombie (D:12)
  8 blink frogs
  A raiju (shapeshifter) (Depths:4)
  5 snapping turtles
  2 frost giant simulacra
  A slime creature (shapeshifter) (Depths:4)
  2 centaur simulacra (D:15)
  35 flying skulls
  5 shadows
  13 water elementals
  54 redbacks
  10 wraiths
  7 spriggans
  3 air elementals
  19 tarantellas
  A wyvern (D:15)
  A ynoxinul (Abyss:1)
  16 yaks
  5 fire elementals
  A chaos spawn (Depths:4)
  2 hippogriffs
  2 yaktaur simulacra
  A giant leech zombie (Crypt:2)
  2 basilisks (Lair:6)
  14 vampire mosquitoes
  2 hungry ghosts
  2 steam dragons (Shoals:2)
  A mottled dragon (Vaults:2)
  11 small abominations
  A naga (shapeshifter) (Depths:2)
  3 wargs
  A spatial vortex (WizLab)
  7 large abominations
  7 water moccasins
  3 hell hounds (Spider:1)
  A porcupine (Lair:1)
  8 wasps
  43 orc warriors
  An orc zombie (Vaults:2)
  A black mamba simulacrum (Crypt:3)
  7 necrophages
  27 ogres
  An elf zombie (Vaults:2)
  2 ice beasts
  11 wolves (Lair:6)
  30 centaurs
  A manticore skeleton (Crypt:1)
  2 human skeletons
  A snapping turtle skeleton (Crypt:3)
  A hog zombie (Crypt:1)
  7 crocodiles
  An electric eel (Lair:1)
  2 human zombies (Vaults:2)
  A spectral human (Crypt:3)
  A big kobold (shapeshifter) (Vaults:2)
  2 giant frogs
  A salamander skeleton (Crypt:1)
  2 earth elementals (Elf:1)
  A scorpion (D:9)
  A wyvern skeleton (D:13)
  A boulder beetle zombie (Vaults:2)
  A snapping turtle simulacrum (Crypt:3)
  A water moccasin skeleton (D:10)
  2 wights
  A crimson imp (D:12)
  4 starcursed masses (Abyss:1)
  A quasit (Abyss:1)
  18 orc priests
  A jelly (D:11)
  3 giant frog skeletons
  13 orc wizards
  6 centaur skeletons
  A worker ant (D:12)
  10 sheep
  A boulder beetle simulacrum (Vaults:2)
  A felid skeleton (Crypt:1)
  2 hound skeletons
  18 river rats
  A shadow imp (D:13)
  53 orcs
  A hobgoblin (D:4)
  A quokka (D:9)
  A bush (Lair:6)
  3 crawling corpses (Vaults:2)
  18 fungi
  93 plants
  A starspawn tentacle (Abyss:1)
1530 creatures vanquished.

Vanquished Creatures (others)
  6 profane servitors
  3 bone dragons
  An eldritch tentacle (WizLab)
  A spectral tentacled monstrosity (Vaults:5)
  A caustic shrike zombie (Depths:4)
  10 ghouls
  11 vampire knights
  A spectral orc (Depths:5)
  An ettin (Vaults:1)
  3 deep elf high priests (Elf:3)
  2 spectral stone giants
  A quicksilver dragon skeleton (Depths:4)
  A spectral Executioner (WizLab)
  A deep troll earth mage (Depths:4)
  A hell knight (Depths:4)
  10 skeletal warriors
  A spectral elephant slug (D:13)
  3 spark wasp zombies
  7 flayed ghosts
  4 very ugly thing zombies
  A sphinx zombie (Depths:3)
  A wolf spider zombie (Spider:4)
  9 phantasmal warriors
  A spectral hill giant (Depths:5)
  A frost giant zombie (Depths:4)
  4 stone giant zombies
  A fire giant zombie (Depths:4)
  A human skeleton (Vaults:1)
  A spectral human (Crypt:3)
  2 spectral elves
  10 redback zombies
  A mottled draconian zombie (Depths:5)
  A yellow draconian zombie (Depths:5)
  A spectral sun demon (WizLab)
  2 hornet zombies
  A ghoul skeleton (Depths:3)
  A sea snake zombie (Shoals:4)
  A demonic crawler zombie (Spider:4)
  9 deep troll zombies
  3 harpy zombies (Shoals:4)
  A tarantella zombie (Spider:2)
  A jumping spider zombie (Spider:1)
  A two-headed ogre (Vaults:3)
  7 ugly thing zombies
  A fire dragon zombie (Depths:4)
  2 ettin zombies
  2 spriggan zombies
  11 flying skulls
  A spectral cyclops (Vaults:2)
  A fire dragon skeleton (Depths:4)
  A wraith (Spider:1)
  A deep troll skeleton (Depths:4)
  6 vampires
  An elf skeleton (Elf:2)
  6 human zombies
  A spiny frog zombie (Lair:2)
  2 merfolk zombies
  An ogre skeleton (Depths:2)
  A blink frog zombie (WizLab)
  9 elf zombies
  An ogre (Vaults:3)
  2 spectral kobolds (Vaults:3)
  A blink frog skeleton (WizLab)
  An elephant skeleton (Lair:1)
  4 vampire mosquito zombies
  8 yaktaur zombies
  A komodo dragon zombie (Lair:1)
  A wyvern zombie (D:10)
  2 cyclops zombies (Vaults:1)
  A yaktaur skeleton (Depths:2)
  3 water moccasin zombies
  A warg zombie (Orc:1)
  A hippogriff zombie (Lair:2)
  A raiju zombie (Abyss:3)
  2 tengu zombies
  3 yak skeletons
  4 yak zombies
  A spectral boggart (WizLab)
  A wolf zombie (Lair:6)
  3 centaur zombies
  A two-headed ogre zombie (Depths:2)
  A basilisk zombie (Lair:6)
  A killer bee zombie (D:9)
  3 ogre zombies (Depths:2)
  A sky beast zombie (D:10)
  A crocodile zombie (Lair:6)
  4 dwarf skeletons (Depths:3)
  A hound zombie (D:11)
  A hound skeleton (D:11)
  2 mummies
  A worker ant zombie (D:10)
  2 scorpion zombies
  2 orc skeletons
  An iguana zombie (Lair:1)
  10 sheep zombies
  An adder zombie (D:10)
  3 river rat zombies
  33 orc zombies
  6779 eldritch tentacle segments (WizLab)
  13 fungi
  A lurking horror (WizLab)
  5 plants
  14 starspawn tentacles
  119 starspawn tentacle segments
7220 creatures vanquished.

Grand Total: 9944 creatures vanquished

Notes
Turn   | Place    | Note
--------------------------------------------------------------
     0 | D:1      | packetloss the Merfolk Summoner began the quest for the Orb.
     0 | D:1      | Reached XP level 1. HP: 13/13 MP: 3/3
     1 | D:1      | Noticed an electric eel
   223 | D:1      | Reached XP level 2. HP: 11/19 MP: 5/5
   561 | D:1      | Reached XP level 3. HP: 24/24 MP: 6/6
   823 | D:1      | Found a glowing golden altar of the Shining One.
   882 | D:2      | Found a sacrificial altar of Ru.
  1475 | D:3      | Reached XP level 4. HP: 27/31 MP: 7/7
  1535 | D:3      | Reached skill level 1 in Polearms
  1762 | D:3      | Reached skill level 1 in Fighting
  1767 | D:3      | Learned a level 3 spell: Call Canine Familiar
  2346 | D:3      | Reached XP level 5. HP: 31/37 MP: 4/8
  2427 | D:3      | Reached skill level 1 in Armour
  2600 | D:4      | Noticed Robin
  2600 | D:4      | Noticed an ogre
  2699 | D:4      | Noticed Natasha
  2895 | D:4      | Noticed an ogre
  2955 | D:4      | Killed an ogre
  2955 | D:4      | Reached skill level 2 in Polearms
  3116 | D:3      | Reached XP level 6. HP: 39/45 MP: 9/9
  3308 | D:4      | Reached skill level 3 in Polearms
  3437 | D:4      | Killed Robin
  3700 | D:4      | Reached skill level 5 in Dodging
  3700 | D:4      | Reached XP level 7. HP: 46/52 MP: 10/10
  3703 | D:4      | Found Lohar's Weapon Boutique.
  3705 | D:4      | Reached skill level 4 in Polearms
  3713 | D:4      | Bought a +1 spear of venom for 106 gold pieces
  3851 | D:4      | Killed Natasha
  3914 | D:4      | Noticed Natasha
  3923 | D:4      | Killed Natasha
  3929 | D:4      | Noticed Natasha
  3942 | D:4      | Killed Natasha
  4188 | D:5      | Entered Level 5 of the Dungeon
  4385 | D:5      | Found a sand-covered staircase.
  4398 | Ossuary  | Entered an ossuary
  5011 | D:5      | Reached skill level 5 in Polearms
  5191 | D:5      | Reached XP level 8. HP: 54/60 MP: 11/11
  5576 | D:6      | Found a stormy altar of Qazlal.
  5603 | D:6      | Found a staircase to the Ecumenical Temple.
  5611 | D:6      | Identified the Handbook of Glacial Venom
  5621 | Temple   | Entered the Ecumenical Temple
  5645 | Temple   | Became a worshipper of Yredelemnul the Dark
  5912 | D:6      | Reached skill level 6 in Polearms
  6036 | D:6      | Found an ancient bone altar of Kikubaaqudgha.
  6486 | D:5      | Reached skill level 5 in Fighting
  6547 | D:6      | Noticed bza's ghost (amateur HOGl)
  6861 | D:7      | Reached skill level 7 in Polearms
  6896 | D:6      | Reached XP level 9. HP: 22/68 MP: 12/12
  7202 | D:7      | Found a flagged portal.
  7211 | Bailey   | Entered a bailey
  7719 | D:6      | Noticed Blork the orc
  7732 | D:6      | Killed Blork the orc
  7862 | D:6      | Reached skill level 8 in Polearms
  8746 | D:8      | Found Wahuesau's Serpentskin Sales.
  8757 | D:8      | Reached * piety under Yredelemnul
  8767 | D:8      | Noticed a queen bee
  8832 | D:8      | Reached skill level 1 in Invocations
  8852 | D:8      | Found a staircase to the Lair.
  8881 | D:8      | Found Juow's Assorted Antiques.
  9004 | D:8      | Reached skill level 9 in Polearms
  9382 | D:8      | Reached XP level 10. HP: 67/79 MP: 13/13
  9640 | D:8      | Noticed Erolcha
  9930 | D:9      | Found a staircase to the Orcish Mines.
 10080 | D:9      | Reached skill level 1 in Evocations
 10116 | D:9      | Reached ** piety under Yredelemnul
 10224 | D:9      | Reached skill level 10 in Polearms
 10263 | D:9      | Reached skill level 10 in Dodging
 10710 | D:9      | Reached skill level 5 in Invocations
 11593 | D:10     | Entered Level 10 of the Dungeon
 11634 | D:10     | Noticed a hill giant
 11677 | D:10     | Reached XP level 11. HP: 77/87 MP: 13/15
 11701 | D:10     | Reached skill level 11 in Polearms
 12263 | Orc:1    | Entered Level 1 of the Orcish Mines
 12263 | Orc:1    | Noticed an orc sorcerer
 12425 | D:10     | Noticed a hill giant
 12786 | D:9      | Killed a hill giant
 12942 | D:10     | Noticed a necromancer
 12994 | D:9      | Reached *** piety under Yredelemnul
 13268 | D:10     | Received a gift from Yredelemnul
 13563 | D:10     | Killed a hill giant
 13563 | D:10     | Reached skill level 5 in Evocations
 13641 | D:10     | Killed a necromancer
 13692 | D:10     | Reached skill level 12 in Polearms
 14453 | D:11     | Reached XP level 12. HP: 70/96 MP: 17/17
 15065 | D:11     | Received a gift from Yredelemnul
 15530 | D:12     | Received a gift from Yredelemnul
 15538 | D:12     | Gained mutation: You are partially covered in thin metallic scales. (AC +2) [potion of beneficial mutation]
 15539 | D:12     | Gained mutation: You are agile. (Dex +2) [potion of beneficial mutation]
 15559 | D:12     | Reached **** piety under Yredelemnul
 15559 | D:12     | Reached skill level 10 in Fighting
 15711 | D:12     | Found Ziunociade's Armour Boutique.
 16105 | D:12     | Received a gift from Yredelemnul
 16553 | Lair:1   | Entered Level 1 of the Lair of Beasts
 16756 | Lair:1   | Reached skill level 13 in Polearms
 17558 | Lair:1   | Received a gift from Yredelemnul
 18627 | Lair:2   | Noticed a five-headed hydra
 18658 | Lair:2   | Reached XP level 13. HP: 104/104 MP: 19/19
 18940 | Lair:2   | Received a gift from Yredelemnul
 19381 | Lair:3   | Reached skill level 14 in Polearms
 19397 | Lair:3   | Received a gift from Yredelemnul
 20127 | Lair:3   | Received a gift from Yredelemnul
 20312 | Lair:4   | Reached ***** piety under Yredelemnul
 20392 | Lair:4   | Found a staircase to the Shoals.
 20460 | Lair:4   | Found a hole to the Spider Nest.
 21190 | Lair:5   | Learned a level 3 spell: Regeneration
 21268 | Lair:5   | Found a staircase to the Slime Pits.
 21268 | Lair:5   | Found a viscous altar of Jiyva.
 21461 | Lair:5   | Got a brightly glowing ring mail
 21603 | Lair:5   | Upgraded the game from 0.19-a0-726-g4af737f to 0.19-a0-736-g3ff4acb
 21624 | Lair:5   | Identified the +1 ring mail of the Inquisitive Tales {+Inv rC- MP+9 SInv} (You found it on level 5 of the Lair of Beasts)
 21771 | Lair:5   | Got a jewelled chain mail
 21998 | Lair:6   | Entered Level 6 of the Lair of Beasts
 22001 | Lair:6   | Received a gift from Yredelemnul
 22075 | Lair:6   | Reached skill level 1 in Charms
 22122 | Lair:6   | Identified a scroll of acquirement
 22158 | Lair:5   | Identified the +8 chain mail of Noconny {-Tele Int+4 Slay+2} (You found it on level 5 of the Lair of Beasts)
 22638 | Lair:6   | Received a gift from Yredelemnul
 22655 | Lair:6   | Reached skill level 1 in Necromancy
 22714 | Lair:6   | Received a gift from Yredelemnul
 22771 | Lair:6   | Received a gift from Yredelemnul
 22967 | Lair:6   | Received a gift from Yredelemnul
 23194 | Lair:6   | Received a gift from Yredelemnul
 23287 | Lair:6   | Received a gift from Yredelemnul
 23293 | Lair:6   | Reached skill level 10 in Invocations
 23330 | Lair:6   | Reached XP level 14. HP: 76/113 MP: 21/21
 23619 | Lair:6   | Received a gift from Yredelemnul
 23709 | Spider:1 | Entered Level 1 of the Spider Nest
 23812 | Spider:1 | Reached skill level 15 in Polearms
 23869 | Spider:1 | Noticed Donald
 23884 | Spider:1 | Killed Donald
 23927 | Spider:1 | Received a gift from Yredelemnul
 23947 | Spider:1 | Reached ****** piety under Yredelemnul
 24146 | Spider:1 | Noticed Azrael
 24168 | Spider:1 | Killed Azrael
 24426 | Spider:2 | Received a gift from Yredelemnul
 24458 | Spider:2 | Received a gift from Yredelemnul
 24489 | Spider:2 | Noticed an entropy weaver
 24491 | Spider:2 | Noticed an entropy weaver
 24499 | Spider:2 | Killed an entropy weaver
 24500 | Spider:2 | Received a gift from Yredelemnul
 24502 | Spider:2 | Killed an entropy weaver
 24719 | Spider:3 | Noticed xodahs's ghost (adept OgHu)
 24723 | Spider:3 | Received a gift from Yredelemnul
 24750 | Spider:3 | Killed xodahs's ghost
 25276 | Spider:3 | Reached skill level 5 in Spellcasting
 25350 | Spider:4 | Entered Level 4 of the Spider Nest
 25350 | Spider:4 | Noticed an entropy weaver
 25376 | Spider:4 | Received a gift from Yredelemnul
 25385 | Spider:4 | Killed a ghost moth
 25501 | Spider:4 | Reached XP level 15. HP: 121/121 MP: 23/23
 25519 | Spider:4 | Received a gift from Yredelemnul
 25567 | Spider:4 | Noticed an emperor scorpion
 25574 | Spider:4 | Noticed an emperor scorpion
 25578 | Spider:4 | Killed an emperor scorpion
 25580 | Spider:4 | Noticed an emperor scorpion
 25589 | Spider:4 | Killed a ghost moth
 25589 | Spider:4 | Killed an emperor scorpion
 25590 | Spider:4 | Received a gift from Yredelemnul
 25592 | Spider:4 | Killed a ghost moth
 25603 | Spider:4 | Killed an emperor scorpion
 25616 | Spider:4 | Killed a ghost moth
 25644 | Spider:4 | Got a gossamer rune of Zot
 25771 | Spider:4 | Received a gift from Yredelemnul
 25884 | Spider:4 | Reached skill level 16 in Polearms
 25887 | Spider:4 | Reached skill level 15 in Dodging
 26218 | Spider:3 | Received a gift from Yredelemnul
 26470 | Orc:1    | Noticed Josephine
 26481 | Orc:1    | Killed Josephine
 26695 | Orc:1    | Noticed Gastronok
 26724 | Orc:1    | Killed Gastronok
 26724 | Orc:1    | Enslaved Gastronok
 26840 | Orc:1    | Noticed an orc warlord
 26863 | Orc:1    | Killed an orc warlord
 26917 | Orc:2    | Entered Level 2 of the Orcish Mines
 26931 | Orc:2    | Received a gift from Yredelemnul
 26939 | Orc:2    | Found Cehuqeul's Gadget Emporium.
 26965 | Orc:2    | Noticed mete's ghost (novice DDFi)
 26967 | Orc:2    | Killed mete's ghost
 27005 | Orc:2    | Noticed Snorg
 27010 | Orc:2    | Killed Snorg
 27010 | Orc:2    | Reached skill level 10 in Evocations
 27068 | Orc:2    | Found a staircase to the Elven Halls.
 27095 | Orc:2    | Received a gift from Yredelemnul
 27139 | Orc:2    | Received a gift from Yredelemnul
 27151 | Orc:2    | Found Rilanwoc's Book Shop.
 27151 | Orc:2    | Found Ziaff's Jewellery Emporium.
 27156 | Orc:2    | Found Momap's Jewellery Shoppe.
 27158 | Orc:2    | Found Uxzimi's Food Boutique.
 27509 | D:13     | Received a gift from Yredelemnul
 27521 | D:13     | Found a sacrificial altar of Ru.
 27536 | D:13     | Found a hazy altar of Hepliaklqana.
 27757 | D:13     | Your ally Gastronok died
 27762 | D:13     | Received a gift from Yredelemnul
 27935 | D:13     | Found a gate to the Vaults.
 28421 | D:14     | Reached XP level 16. HP: 123/131 MP: 26/26
 28708 | Orc:1    | Received a gift from Yredelemnul
 28756 | Orc:2    | Bought a wand of heal wounds (4/9) for 624 gold pieces
 28890 | D:10     | Received a gift from Yredelemnul
 29070 | D:15     | Entered Level 15 of the Dungeon
 29584 | D:15     | Got a transparent spear
 29585 | D:15     | Identified the +3 spear "Tocomp" {antimagic, rC- rN++ Str+6} (You found it on level 15 of the Dungeon)
 29723 | D:15     | Found a staircase to the Depths.
 29784 | Depths:1 | Entered Level 1 of the Depths
 29805 | Depths:1 | Noticed Wiglaf
 29833 | Depths:1 | Killed Wiglaf
 29969 | Depths:1 | Found a gateway to Hell.
 30057 | Depths:1 | Found a magical portal.
 30066 | WizLab   | Entered The Roulette of Golubria
 30071 | WizLab   | Found a corrupted altar of Lugonu.
 30071 | WizLab   | Noticed an eldritch tentacle
 30293 | WizLab   | Noticed an Executioner
 30322 | WizLab   | Noticed a tentacled starspawn
 30336 | WizLab   | Killed a tentacled starspawn
 30621 | WizLab   | Reached skill level 17 in Polearms
 31512 | WizLab   | Killed an Executioner
 31512 | WizLab   | Enslaved an Executioner
 31794 | WizLab   | Killed an eldritch tentacle
 31796 | WizLab   | Got a smoking cloak
 31831 | WizLab   | Identified the cursed +0 cloak "Rontasche" {Int+2 Dex+2 Stlth+} (You found it in a wizard's laboratory)
 31976 | WizLab   | Identified the Handbook of the Rat (You found it in a wizard's laboratory)
 32310 | Depths:1 | Noticed Jorgrun
 32317 | Depths:1 | Killed Jorgrun
 32806 | Depths:1 | Found a gateway to a ziggurat.
 33226 | Depths:2 | Received a gift from Yredelemnul
 33229 | Depths:2 | Reached XP level 17. HP: 120/139 MP: 26/28
 33314 | Depths:2 | Gained mutation: You are somewhat resistant to further mutation. [potion of beneficial mutation]
 33451 | Depths:2 | Received a gift from Yredelemnul
 33505 | Depths:2 | Reached skill level 18 in Polearms
 33519 | Depths:2 | Killed Sojobo
 33520 | Depths:2 | Received a gift from Yredelemnul
 33547 | Depths:2 | Got a translucent leather armour
 34139 | Shoals:1 | Entered Level 1 of the Shoals
 34169 | Lair:4   | Identified the +1 leather armour of Analysis {rF+ rCorr Str-2 SInv} (You found it on level 2 of the Depths)
 34242 | Shoals:1 | Received a gift from Yredelemnul
 34327 | Shoals:1 | Identified the Almanac of the Volcanoes and the Rocks
 34331 | Shoals:1 | Learned a level 2 spell: Passwall
 34522 | Shoals:1 | Received a gift from Yredelemnul
 34884 | Shoals:2 | Reached skill level 15 in Fighting
 35195 | Shoals:3 | Received a gift from Yredelemnul
 35262 | Shoals:3 | Noticed Polyphemus
 35276 | Shoals:3 | Killed Polyphemus
 35302 | Shoals:3 | Found Olares's Antique Weapon Shoppe.
 35657 | Shoals:4 | Entered Level 4 of the Shoals
 35738 | Shoals:4 | Reached skill level 19 in Polearms
 35759 | Shoals:4 | Reached XP level 18. HP: 149/149 MP: 29/29
 35784 | Shoals:4 | Reached skill level 5 in Charms
 35789 | Shoals:4 | Received a gift from Yredelemnul
 35901 | Shoals:4 | Received a gift from Yredelemnul
 35962 | Shoals:4 | Killed Ilsuiw
 36021 | Shoals:4 | Received a gift from Yredelemnul
 36273 | Shoals:4 | Got a barnacled rune of Zot
 36986 | Vaults:1 | Entered Level 1 of the Vaults
 36992 | Vaults:1 | Received a gift from Yredelemnul
 37507 | Vaults:1 | Received a gift from Yredelemnul
 37520 | Vaults:1 | Noticed a titan
 37544 | Vaults:1 | Killed a titan
 37726 | Vaults:1 | Learned a level 2 spell: Swiftness
 37879 | Vaults:2 | Received a gift from Yredelemnul
 38032 | Vaults:2 | Received a gift from Yredelemnul
 38151 | Vaults:2 | Got a sparkling bone amulet
 38152 | Vaults:2 | Identified the amulet of Secoce {Dismiss SInv} (You found it on level 2 of the Vaults)
 38336 | Vaults:2 | Received a gift from Yredelemnul
 38405 | Vaults:2 | Received a gift from Yredelemnul
 38424 | Vaults:2 | Reached skill level 20 in Polearms
 38426 | Vaults:2 | Received a gift from Yredelemnul
 38613 | Vaults:2 | Reached XP level 19. HP: 157/157 MP: 23/31
 38821 | Vaults:2 | Received a gift from Yredelemnul
 39004 | Vaults:3 | Received a gift from Yredelemnul
 39637 | Vaults:3 | Found a staircase to the Crypt.
 39867 | Crypt:1  | Entered Level 1 of the Crypt
 39913 | Crypt:1  | Learned a level 2 spell: Repel Missiles
 41271 | Crypt:2  | Noticed a lich
 41280 | Crypt:2  | Killed a lich
 41402 | Crypt:2  | Cast into level 3 of the Abyss (reaper)
 41484 | Abyss:3  | Reached skill level 10 in Spellcasting
 41533 | Abyss:3  | Received a gift from Yredelemnul
 41599 | Abyss:3  | Found a corrupted altar of Lugonu.
 41687 | Abyss:3  | Found a corrupted altar of Lugonu.
 41773 | Crypt:2  | Escaped the Abyss
 42036 | Crypt:3  | Entered Level 3 of the Crypt
 42161 | Crypt:3  | Reached XP level 20. HP: 166/166 MP: 34/34
 42168 | Crypt:3  | Reached skill level 21 in Polearms
 42414 | Crypt:3  | Found an ancient bone altar of Kikubaaqudgha.
 42476 | Crypt:3  | Noticed Mennas
 42497 | Crypt:3  | Killed Mennas
 42681 | Crypt:3  | Reached skill level 10 in Charms
 42823 | Crypt:3  | Noticed a profane servitor
 42832 | Crypt:3  | Killed a profane servitor
 43115 | Crypt:3  | Noticed a bone dragon
 43124 | Crypt:3  | Killed a bone dragon
 43200 | Crypt:3  | Identified the Almanac of Evil Rituals (You found it on level 3 of the Crypt)
 43204 | Crypt:3  | Got a smelly chain mail
 43206 | Crypt:3  | Identified the cursed +0 chain mail "Dayng" {rF+} (You found it on level 3 of the Crypt)
 43458 | Crypt:3  | Found a staircase to the Tomb.
 43748 | Vaults:1 | Learned a level 6 spell: Haste
 43949 | Depths:3 | Found a one-way gate leading to the halls of Pandemonium.
 43983 | Depths:3 | Received a gift from Yredelemnul
 44306 | Depths:3 | Found a sacrificial altar of Ru.
 44409 | Depths:3 | Found a one-way gate to the infinite horrors of the Abyss.
 44779 | Depths:3 | You are sucked into a shaft for 2 floors!
 44779 | Depths:5 | Entered Level 5 of the Depths
 44779 | Depths:5 | Noticed a juggernaut
 45154 | Depths:4 | Noticed Saint Roka
 45350 | Depths:3 | Found a portal to a secret trove of treasure.
 45354 | Depths:3 | You paid a toll of a wand of heal wounds (9) to enter a treasure trove
 45355 | Trove    | Entered a treasure trove
 45419 | Trove    | Identified Ulicaexa's Reference Book on Poison
 45427 | Trove    | Identified Sif Muna's Papyrus of Burning Sinister Rituals
 45435 | Trove    | Identified Zaohalin's Grimoire of Blistering Feathers
 45454 | Trove    | Learned a level 1 spell: Summon Butterflies
 45456 | Trove    | Learned a level 1 spell: Apportation
 45640 | Depths:4 | Killed Saint Roka
 45640 | Depths:4 | Enslaved Saint Roka
 45644 | Depths:4 | Received a gift from Yredelemnul
 45925 | Depths:4 | Reached XP level 21. HP: 138/175 MP: 36/36
 46064 | Depths:4 | Reached skill level 22 in Polearms
 46289 | Depths:4 | Received a gift from Yredelemnul
 46524 | Depths:4 | Noticed a caustic shrike
 46530 | Depths:4 | Killed a caustic shrike
 46549 | Depths:4 | Received a gift from Yredelemnul
 46703 | Depths:4 | Received a gift from Yredelemnul
 46975 | Depths:4 | Noticed a caustic shrike
 46984 | Depths:4 | Killed a caustic shrike
 47369 | Depths:5 | Your ally Saint Roka died
 47628 | Depths:4 | Killed a juggernaut
 47765 | Depths:5 | Received a gift from Yredelemnul
 47938 | Depths:5 | Received a gift from Yredelemnul
 47944 | Depths:5 | Noticed Frederick
 47956 | Depths:5 | Killed Frederick
 47956 | Depths:5 | Reached skill level 23 in Polearms
 48059 | Depths:5 | Reached XP level 22. HP: 96/185 MP: 31/37
 48099 | Depths:5 | Received a gift from Yredelemnul
 48467 | Depths:5 | Noticed a golden dragon
 48484 | Depths:5 | Killed a golden dragon
 48498 | Depths:5 | Found a gate to the Realm of Zot.
 48704 | Depths:4 | Received a gift from Yredelemnul
 49203 | Elf:1    | Entered Level 1 of the Elven Halls
 49393 | Elf:1    | Found Sotog's Antique Armour Emporium.
 49398 | Elf:1    | Bought a twisted scale mail for 369 gold pieces
 49398 | Elf:1    | Bought a slimy leather armour for 287 gold pieces
 49428 | Elf:1    | Received a gift from Yredelemnul
 49497 | Elf:1    | Identified the +5 leather armour of Wasted Space {Regen+ Int+2} (You bought it in a shop on level 1 of the Elven Halls)
 49511 | Elf:1    | Identified the cursed +0 scale mail "Wiowos" {-Tele Int+6 Stlth+} (You bought it in a shop on level 1 of the Elven Halls)
 49588 | Elf:1    | Found a flickering gateway to a bazaar.
 49589 | Elf:1    | Found Xenuov's Gadget Shop.
 49628 | Bazaar   | Entered a bazaar
 49636 | Bazaar   | Found Tigut's Book Shop.
 49636 | Bazaar   | Found Seug Oty's Jewellery Boutique.
 49643 | Bazaar   | Identified the Papyrus of the Doomed Blaze
 49664 | Bazaar   | Bought the ring "Siomaid" {SustAt rC+ rN+ Int+2} for 558 gold pieces
 49923 | Elf:1    | Received a gift from Yredelemnul
 50119 | Elf:2    | Found a runed gate.
 50119 | Elf:2    | Found a runed gate.
 50119 | Elf:2    | Found a runed gate.
 50172 | Elf:2    | Noticed Roxanne
 50519 | Elf:2    | Reached skill level 24 in Polearms
 50544 | Elf:2    | Noticed Aizul
 50552 | Elf:2    | Killed Aizul
 50606 | Elf:2    | Received a gift from Yredelemnul
 50699 | Elf:2    | Received a gift from Yredelemnul
 50827 | Elf:3    | Entered Level 3 of the Elven Halls
 50873 | Elf:3    | Found a radiant altar of Vehumet.
 50898 | Elf:3    | Found Rimytz's Assorted Antiques.
 50901 | Elf:3    | Bought 2 potions of heal wounds for 390 gold pieces
 50901 | Elf:3    | Bought a polished scale mail for 351 gold pieces
 50922 | Elf:3    | Identified the +3 scale mail "Vubowav" {*Confuse rF+ Str+2 Stlth+} (You bought it in a shop on level 3 of the Elven Halls)
 51241 | Elf:3    | Found Neliott's Weapon Emporium.
 51494 | Elf:3    | Received a gift from Yredelemnul
 51526 | Elf:3    | Reached XP level 23. HP: 164/195 MP: 3/38
 51835 | Elf:3    | Received a gift from Yredelemnul
 52021 | Elf:3    | Identified the Compendium of Unstable Lightness (You found it on level 3 of the Elven Halls)
 52185 | Elf:1    | Bought a garnet-encrusted leather armour for 287 gold pieces
 52197 | Elf:1    | Identified the +2 leather armour "Lexzam Xutav" {*Contam MR+ Str+6 Stlth+} (You bought it in a shop on level 1 of the Elven Halls)
 52325 | Elf:3    | Learned a level 4 spell: Control Undead
 52723 | Zig:1    | Entered Level 1 of a ziggurat
 52802 | Zig:2    | Entered Level 2 of a ziggurat
 52815 | Zig:2    | Received a gift from Yredelemnul
 52846 | Zig:3    | Entered Level 3 of a ziggurat
 53132 | Zig:4    | Entered Level 4 of a ziggurat
 53138 | Zig:4    | Noticed a caustic shrike
 53252 | Depths:3 | Voluntarily entered the Abyss.
 54116 | Abyss:1  | Reached skill level 5 in Stealth
 54216 | Abyss:1  | Found a bloodstained altar of Trog.
 54448 | Abyss:1  | Lost mutation: You are agile. (Dex +2) [a neqoxec]
 54970 | Depths:3 | Escaped the Abyss
 56054 | Vaults:3 | Reached skill level 5 in Summonings
 56094 | Vaults:3 | Received a gift from Yredelemnul
 56218 | Vaults:3 | Received a gift from Yredelemnul
 56254 | Vaults:3 | Reached skill level 25 in Polearms
 56396 | Vaults:4 | Received a gift from Yredelemnul
 56463 | Vaults:4 | Noticed Jory
 56481 | Vaults:4 | Killed Jory
 56501 | Vaults:4 | Received a gift from Yredelemnul
 56672 | Vaults:4 | Found Qunois's Book Shop.
 56722 | Vaults:4 | Received a gift from Yredelemnul
 57052 | Vaults:4 | Reached XP level 24. HP: 203/203 MP: 38/38
 57068 | Vaults:4 | Found Lufaj's Weapon Shoppe.
 57197 | Vaults:4 | Found a blossoming altar of Fedhas.
 58241 | Slime:1  | Entered Level 1 of the Pits of Slime
 58266 | Slime:1  | Received a gift from Yredelemnul
 58404 | Slime:1  | Received a gift from Yredelemnul
 58673 | Slime:2  | Gained mutation: You expend magic power (3 MP) to strengthen your wands. [a shining eye]
 59067 | Vaults:5 | Entered Level 5 of the Vaults
 59104 | Vaults:5 | Identified the Papyrus of Confrontation (You found it on level 5 of the Vaults)
 59209 | Vaults:5 | Slain by a frost giant

Vault maps used:
D:1:      arrival_aquarium_a, minmay_misc_feat_chi, tso_altar
D:2:      overflow_temple_1_default
D:3:      first_bread
D:4:      serial_shops, shop, serial_forest, infiniplex_forest_clump_curved,
          infiniplex_forest_lined_1, infiniplex_forest_straight_5,
          infiniplex_forest_end_1, infiniplex_forest_straight_2,
          infiniplex_forest_end_2, infiniplex_forest_straight_4,
          infiniplex_forest_straight_2, uniq_natasha, uniq_robin
D:5:      nicolae_ossuary_entry_ruins
D:6:      basic_altar, grunt_qazlal_sundering, uniq_blork_the_orc
D:7:      enter_bailey_1, kennysheep_generic_room_14
D:8:      dpeg_oklobed_lair, serial_shops,
          nicolae_shop_competitors_out_of_business, david_nohive_1,
          guppyfry_shop_venom, uniq_erolcha
D:9:      zombieorc1_lemuel
D:10:     hangedman_screamer
D:12:     kennysheep_demon_hangout, serial_shops, nicolae_shop_crystal,
          kennysheep_decorative_pillar
D:13:     hangedman_vaults_entry_quadrant_bands, basic_altar, minivault_19,
          kennysheep_small_spiral, hangedman_ru_absence
D:14:     minmay_distorted_concentric_squares, minmay_misc_feat_room
D:15:     grunt_enter_depths_magical_seal, serial_bayou_ford_a
Temple:   minmay_crystal_snake_temple
Lair:1:   serial_bayou_lagoon_b, serial_bayou_shore_a
Lair:2:   bh_autumn_forest_stairs
Lair:3:   nicolae_lair_grove_arrangements
Lair:4:   elwin_shoals_entry_rooms, spider_nest_entry_a
Lair:5:   slime_altar_1
Lair:6:   minmay_lair_end_enchanted_forest, grunt_megastairs_2
Shoals:2: nicolae_shoals_drake_roost
Shoals:3: nicolae_shoals_c_island, uniq_polyphemus
Shoals:4: shoals_end_grunt_ice, shoals_ilsuiw_alternative,
          nicolae_shoals_this_corrosion
Spider:1: uniq_donald, uniq_azrael
Spider:2: cheibrodos_spider_creepycove
Spider:4: grunt_spider_rune_island, spiders_nest_wasp_nest,
          nicolae_spider_cling_ruins
Slime:2:  nicolae_slime_round_cave
Orc:1:    uniq_josephine, uniq_gastronok
Orc:2:    st_orc_rangers, serial_shops, shop, uniq_snorg
Elf:1:    eino_elf_arrival_customs, serial_shops, bzr_in_the_mist, shop, shop,
          minivault_28
Elf:2:    guppyfry_library_mini, uniq_roxanne, uniq_aizul
Elf:3:    minmay_elf_hall_hex, serial_shops, nicolae_shop_stone, shop,
          basic_altar, small_chamber_with_monster
Vaults:1: st_check, vaults_mumra_chevron, v_misc_27, vaults_room_grid,
          nicolae_vaults_what_the_h
Vaults:2: hangedman_vaults_nodes, vaults_mumra_bighexcomb,
          vaults_standard_mumra_enter_the_diamond, v_misc_19, v_misc_19,
          v_alt_pattern_2, grunt_vaults_bifocal,
          nicolae_vaults_mini_display_case, nicolae_vaults_little_squares_3,
          v_misc_10, v_misc_27, nicolae_vaults_little_squares_5,
          vaults_dpeg_ring
Vaults:3: hangedman_vaults_slice, v_misc_10, minmay_crypt_entry_simple_round,
          ontoclasm_vaults_ligature, vaults_room_pool,
          hangedman_vaults_river_flow, nicolae_vaults_little_squares_6,
          hangedman_vaults_locks, st_squares, vaults_dpeg_doors,
          hangedman_vaults_stitches, vaults_room_large_hall, v_misc_27
Vaults:4: hangedman_vaults_restitches, ontoclasm_vaults_fault,
          vaults_mumra_hexcomb, nicolae_vaults_network_periphery,
          ontoclasm_vaults_hangar, ontoclasm_vaults_twist,
          nicolae_vaults_little_squares_2, nicolae_vaults_little_squares_3,
          dpeg_vaults_monster_box, serial_shops, shop, basic_altar, uniq_jory
Vaults:5: uniq_bai_suzhen
Crypt:1:  statuecave_lemuel, grunt_megastairs_3
Crypt:2:  serial_glass, glass_columns_a, glass_columns_a, item_on_display_a,
          minmay_strange_pillars, due_unseen_surprise, item_on_display_a
Crypt:3:  grunt_crypt_end_deaths_head, uniq_mennas
Depths:1: enter_ziggurat_c, pf_hell_entry_tar_river, mu_enter_wizlab_3,
          grunt_decor_one_mirror, minivault_11, grunt_decor_clamped,
          nrook_mini_vaults, lemuel_old_faithful, uniq_jorgrun, uniq_wiglaf
Depths:2: minmay_containers, grunt_hell_entry_dis_mu,
          infiniplex_staircase_pool_2, uniq_sojobo
Depths:3: cheibrodos_lost_city_excavation, basic_altar, enter_trove_6,
          lightli_too_deep, pan_entry, abyss_entry_crystal
Depths:4: minmay_nested_s, pf_coc_iceberg, minmay_misc_feat_square,
          minmay_room_of_horrors, uniq_saint_roka
Depths:5: grunt_zot_entry_gee_three, corexii_hall_statues_i, hell_entry,
          uniq_frederick
Abyss:3:  minivault_23, nicolae_abyss_rune_star_stuff, evilmike_abyss_exit_4
Bazaar:   bazaar_mystics
Trove:    trove_library
Ossuary:  ossuary_tomb_1
Bailey:   bailey_polearm_flooded_kennysheep, bailey
WizLab:   wizlab_golubria

Skill      XL: |  1  2  3  4  5  6  7  8  9 10 11 12 13 14 15 16 17 18 19 20 21 22 23 24 |
---------------+-------------------------------------------------------------------------+-----
Dodging        | 3 4 5 6 7 9 10 11 12 13 14 15 16 18 19 20 21 22 23 | 23.8
Polearms       | 1 2 3 5 7 9 10 12 13 14 15 16 17 19 20 21 23 24 25 | 25.4
Fighting       | 1 2 3 4 5 7 8 9 10 11 12 13 14 15 16 17 18 19 20 | 20.6
Armour         | 1 2 3 4 |  4.2
Invocations    | 2 5 7 8 10 11 | 11.6
Evocations     | 3 5 7 8 9 10 11 12 13 | 13.0
Charms         | 2 4 7 9 11 13 | 13.0
Spellcasting   | 3 5 6 7 8 10 11 | 11.1
Necromancy     | 2 3 4 |  4.8
Stealth        | 6 |  6.9
Summonings     | 6 7 |  7.1

Action                   |  1- 3 |  4- 6 |  7- 9 | 10-12 | 13-15 | 16-18 | 19-21 | 22-24 || total
-------------------------+-------+-------+-------+-------+-------+-------+-------+-------++-------
Melee: Hand axe          |   102 |     3 |       |       |       |       |       |       ||   105
       Unarmed           |     2 |       |       |       |       |       |       |       ||     2
       Whip              |       |   148 |     6 |    28 |       |       |       |       ||   182
       Spear             |       |    11 |   737 |  1722 |  1203 |       |       |    19 ||  3692
       Tailslap          |       |       |       |     3 |     8 |       |       |       ||    11
       Glaive            |       |       |       |       |   158 |   990 |   730 |       ||  1878
       Bardiche          |       |       |       |       |       |       |   662 |  1170 ||  1832
Throw: Tomahawk          |       |       |     9 |    13 |     5 |     3 |       |       ||    30
       Javelin           |       |       |       |       |       |       |     3 |       ||     3
 Cast: Summon Small Mamm |       |    10 |       |     5 |       |       |       |       ||    15
       Call Canine Famil |       |       |     1 |     7 |       |     5 |     1 |       ||    14
       Regeneration      |       |       |       |       |     1 |    19 |    88 |    61 ||   169
       Repel Missiles    |       |       |       |       |       |       |     5 |     6 ||    11
       Haste             |       |       |       |       |       |       |       |    18 ||    18
       Control Undead    |       |       |       |       |       |       |       |     2 ||     2
       Swiftness         |       |       |       |       |       |       |       |     1 ||     1
Invok: Animate Remains   |       |       |       |    12 |       |       |       |       ||    12
       Animate Dead      |       |       |       |    15 |    41 |    33 |    41 |    30 ||   160
       Recall Undead Sla |       |       |       |       |    17 |    17 |    15 |    14 ||    63
       Enslave Soul      |       |       |       |       |     2 |    10 |     7 |     9 ||    28
       Injury Mirror     |       |       |       |       |       |       |       |     1 ||     1
 Abil: Stop Flying       |       |       |       |       |       |     1 |     1 |     1 ||     3
       Evoke Flight      |       |       |       |       |       |     1 |     1 |       ||     2
Evoke: Wand              |       |       |       |       |    26 |    10 |     8 |    20 ||    64
       Phial of floods   |       |       |       |       |       |     1 |     1 |     1 ||     3
       Sack of spiders   |       |       |       |       |       |       |       |     3 ||     3
       Fan of gales      |       |       |       |       |       |       |       |     1 ||     1
       Disc of storms    |       |       |       |       |       |       |       |     2 ||     2
  Use: Scroll            |       |       |    14 |    17 |    11 |    11 |    23 |    13 ||    89
       Potion            |       |       |     1 |     3 |       |     2 |     4 |     4 ||    14
 Stab: Sleeping          |     5 |     5 |    11 |     7 |     7 |     5 |       |    13 ||    53
       Distracted        |       |     1 |     2 |    15 |    26 |    30 |    49 |    32 ||   155
       Confused          |       |       |       |       |     7 |     4 |       |       ||    11
       Paralysed         |       |       |       |       |     2 |     4 |     9 |     1 ||    16
       Held in net/web   |       |       |       |       |     1 |       |       |       ||     1
  Eat: Chunk             |     2 |     7 |    18 |    33 |    34 |    40 |    28 |    22 ||   184
       Beef jerky        |       |       |     1 |     2 |     2 |       |     2 |     2 ||     9
       Fruit             |       |       |     3 |     1 |     1 |     2 |     1 |     7 ||    15
       Royal jelly       |       |       |       |     3 |       |       |     2 |     2 ||     7
       Meat ration       |       |       |       |     2 |     1 |     1 |     3 |     2 ||     9
       Pizza             |       |       |       |     1 |     1 |     1 |       |     1 ||     4
       Bread ration      |       |       |       |       |       |     1 |     1 |     4 ||     6
Armor: Robe              |    10 |       |       |       |       |       |       |       ||    10
       Leather armour    |    24 |    31 |   109 |   120 |       |    37 |   180 |   182 ||   683
       Ring mail         |       |       |       |   153 |   188 |    81 |       |       ||   422
Dodge: Dodged            |    96 |   109 |   382 |   700 |   892 |   860 |  1338 |  1159 ||  5536
       Deflected         |       |       |       |       |       |       |    14 |    43 ||    57
